Map: 2000 Atmospheres LE

Players

Nice - Winner!

  • Race: Protoss Protoss

ExpecT

  • Race: Terran Terran

Event: DreamHack SC2 Masters 2021 Fall

VOD

Have the link to the VOD?

Description

Time

  • Played on: Aug. 1, 2021, 7:22 a.m.
  • Length: 13:05

All games in this series

Show
View Real Time Build Order
Export as new Build Order

Nice Protoss - Winner!

Build Orders: 1 Gate Expand, Blink Stalkers 

Get SALT Encoding   

  12  0:00  Probe  
  13  0:12  Probe  
  14  0:18  Pylon  
  14  0:24  Probe (Chrono Boost)  
  15  0:37  Probe (Chrono Boost)  
  15  0:39  Gateway  
  16  0:44  Probe (Chrono Boost)  
  16  0:48  Assimilator  
  17  0:51  Probe  
  18  1:03  Probe  
  19  1:15  Probe  
  20  1:29  Cybernetics Core  
  20  1:35  Nexus  
  20  1:43  Pylon  
  20  1:52  Assimilator  
  20  1:53  Probe  
  21  2:02  Adept (Chrono Boost)  
  21  2:05  Probe  
  24  2:09  Shield Battery  
  24  2:11  Warp Gate  
  24  2:17  Probe  
  25  2:22  Stalker (Chrono Boost)  
  25  2:29  Probe  
  28  2:37  Twilight Council  
  29  2:44  Probe (Chrono Boost)  
  29  2:47  Probe (Chrono Boost)  
  30  2:58  Probe (Chrono Boost)  
  31  3:00  Probe (Chrono Boost)  
  31  3:03  Robotics Facility  
  32  3:05  Probe  
  32  3:07  Blink (Chrono Boost)  
  32  3:09  Probe  
  34  3:18  Probe  
  33  3:21  Probe  
  33  3:25  Gateway  
  34  3:32  Gateway  
  34  3:35  Probe  
  34  3:36  Probe  
  36  3:47  Gateway, Probe  
  37  3:48  Probe  
  37  3:50  Observer  
  39  3:56  Pylon  
  39  3:59  Stalker, Probe  
  42  4:06  Pylon, Probe  
  43  4:14  Warp Prism  
  45  4:17  Probe  
  45  4:18  Probe  
  47  4:24  Stalker  
  47  4:27  Stalker  
  51  4:31  Stalker  
  51  4:35  Assimilator  
  53  4:40  Pylon, Probe x2  
  55  4:57  Pylon  
  55  4:59  Stalker x2  
  59  5:00  Stalker  
  59  5:01  Stalker  
  59  5:05  Observer  
  63  5:16  Probe x2  
  63  5:17  Assimilator  
  65  5:21  Robotics Bay  
  65  5:28  Probe x2  
  66  5:31  Charge  
  66  5:34  Pylon  
  66  5:35  Shield Battery, Immortal (Chrono Boost)  
  71  5:49  Probe  
  62  5:50  Probe  
  63  5:57  Gateway  
  63  5:58  Gateway  
  63  6:00  Extended Thermal Lance  
  63  6:04  Colossus (Chrono Boost)  
  69  6:13  Pylon  
  69  6:23  Zealot x4  
  75  6:37  Shield Battery  
  75  6:43  Colossus (Chrono Boost)  
  81  6:49  Zealot  
  81  6:50  Zealot x3  
  77  7:09  Stalker x2  
  79  7:17  Zealot x4  
  85  7:44  Pylon  
  85  7:45  Pylon  
  85  7:51  Nexus  
  85  7:52  Shield Battery  
  85  7:53  Pylon, Probe  
  85  7:56  Probe  
  86  7:58  Colossus (Chrono Boost)  
  86  8:02  Stalker  
  93  8:10  Probe  
  93  8:11  Probe  
  95  8:15  Templar Archives, Sentry  
  95  8:16  Sentry x2  
  101  8:23  Probe x2  
  101  8:24  Stalker  
  105  8:35  Pylon, Probe x2  
  107  8:45  Shield Battery  
  107  8:47  Probe  
  92  9:02  Disruptor (Chrono Boost)  
  94  9:06  Stalker x5  
  94  9:07  Probe  
  94  9:08  Probe  
  103  9:11  Probe  
  103  9:16  Assimilator  
  104  9:21  Assimilator  
  104  9:22  Forge  
  104  9:27  Disruptor (Chrono Boost)  
  107  9:44  Robotics Facility  
  107  9:45  Probe x3  
  110  9:47  Pylon  
  110  9:48  High Templar x2, Zealot x2  
  110  9:51  Zealot  
  110  9:52  Archon  
  120  10:04  Disruptor (Chrono Boost)  
  105  10:11  Zealot x4  
  113  10:15  Protoss Ground Weapons Level 1 (Chrono Boost)  
  113  10:21  Zealot x2  
  117  10:31  Disruptor (Chrono Boost)  
  118  10:35  High Templar x2  
  118  10:36  Zealot x2  
  118  10:40  Archon  
  126  10:42  Disruptor  
  127  11:02  Nexus, Pylon  
  127  11:05  Disruptor  
  128  11:13  High Templar x2  
  128  11:14  Zealot x4  
  128  11:16  Probe  
  141  11:19  Archon  
  141  11:20  Probe x2  
  130  11:37  Disruptor  
  129  11:41  Stalker x2  
  129  11:42  Stalker x2  
  129  11:45  Probe x3  
  140  11:50  Shield Battery  
  140  11:51  Photon Cannon  
  140  11:52  Pylon  
  140  11:54  High Templar x2  
  144  11:57  Probe x3  
  144  11:58  Archon  
  147  12:09  Probe x2  
  147  12:10  Disruptor, Probe  
  153  12:21  Zealot x4  
  126  12:47  Zealot x6  
Show
View Real Time Build Order
Export as new Build Order

ExpecT Terran 

Build Orders:  

Get SALT Encoding   

  12  0:00  SCV  
  13  0:12  SCV  
  14  0:17  Supply Depot  
  14  0:24  SCV  
  15  0:38  SCV  
  16  0:43  Barracks  
  16  0:47  Refinery  
  16  0:50  SCV  
  17  1:06  SCV  
  18  1:18  SCV  
  19  1:31  Orbital Command  
  19  1:32  Marine  
  20  1:43  Command Center  
  20  1:51  Barracks Reactor  
  20  1:57  SCV  
  21  2:03  Supply Depot  
  21  2:09  SCV, Barracks  
  22  2:23  SCV  
  22  2:25  Factory  
  22  2:27  Marine x2  
  25  2:33  Bunker  
  25  2:35  SCV  
  26  2:40  Refinery  
  26  2:46  Marine  
  26  2:47  Marine, SCV  
  29  3:00  SCV, Orbital Command  
  29  3:03  Barracks Tech Lab  
  29  3:10  Factory Tech Lab  
  29  3:12  SCV  
  30  3:14  Marine x2  
  32  3:24  SCV  
  34  3:27  SCV  
  34  3:29  Cyclone  
  34  3:31  Stimpack  
  37  3:36  SCV  
  37  3:39  SCV  
  37  3:40  Marine x2  
  41  3:41  Supply Depot  
  41  3:42  Marine  
  41  3:48  SCV  
  43  3:51  SCV  
  44  3:56  Starport  
  44  3:59  Engineering Bay  
  44  4:00  Marine, SCV  
  46  4:04  Marauder  
  46  4:05  SCV  
  49  4:10  Factory Reactor  
  49  4:13  Supply Depot  
  49  4:15  SCV  
  49  4:16  Refinery  
  50  4:17  SCV  
  50  4:19  Marine x2  
  53  4:25  Marine  
  53  4:29  Missile Turret  
  54  4:35  SCV x2  
  56  4:43  Supply Depot  
  56  4:45  Marine  
  56  4:46  Marine, Marauder  
  56  4:47  SCV x2  
  56  4:52  Supply Depot  
  62  4:58  Medivac  
  62  4:59  SCV, Medivac  
  67  5:03  SCV  
  68  5:08  Marauder  
  68  5:10  Marine x2  
  68  5:11  SCV  
  68  5:13  Terran Infantry Weapons Level 1  
  73  5:19  SCV  
  73  5:21  Supply Depot  
  74  5:23  SCV  
  74  5:28  Siege Tank  
  77  5:31  Marauder  
  77  5:33  Marine  
  77  5:34  Marine  
  81  5:37  SCV  
  81  5:50  SCV x2  
  81  5:51  Marine  
  81  5:52  Marine  
  81  5:53  Marauder  
  87  5:57  Combat Shield  
  87  6:05  Medivac x2  
  87  6:09  Marine x2  
  93  6:11  Supply Depot  
  93  6:14  Refinery  
  93  6:15  Supply Depot  
  93  6:27  Marine, Siege Tank, Marauder  
  93  6:29  Marine  
  93  6:32  Command Center  
  98  6:40  Barracks x2  
  98  6:41  Barracks  
  98  6:51  SCV, Supply Depot  
  98  6:52  Supply Depot  
  98  6:53  Marine  
  101  6:54  Marauder  
  101  6:56  SCV  
  101  6:57  Marine  
  94  7:05  SCV  
  92  7:09  SCV, Siege Tank  
  95  7:15  Marauder  
  95  7:17  SCV  
  95  7:21  SCV  
  94  7:30  SCV  
  94  7:33  SCV  
  91  7:39  Marine x2, Marauder  
  91  7:41  Medivac x2  
  99  7:45  Siege Tank  
  99  7:50  SCV x2  
  102  7:55  Barracks Reactor  
  102  7:56  Marine, Barracks Tech Lab  
  102  8:01  Orbital Command, Barracks Tech Lab, Marauder  
  102  8:02  SCV x2  
  104  8:08  Marine  
  101  8:14  SCV  
  101  8:15  SCV  
  101  8:17  Terran Infantry Armor Level 1  
  101  8:18  Viking x2  
  101  8:19  Orbital Command, Siege Tank  
  110  8:22  Marauder  
  112  8:27  Marine x2, Marauder x2  
  112  8:31  SCV  
  119  8:36  Marine x2  
  119  8:39  SCV  
  122  8:43  SCV, Marauder  
  122  8:45  Marine x2  
  127  8:48  Marauder  
  127  8:52  Marauder  
  127  8:53  Marine  
  120  8:57  Marine  
  120  9:02  Marine, Viking x2  
  116  9:03  Marine, Siege Tank  
  116  9:05  Marauder  
  116  9:08  SCV x3  
  128  9:10  Marauder  
  128  9:11  Marine  
  128  9:13  Marauder  
  128  9:15  Marine  
  132  9:18  Supply Depot, Missile Turret  
  132  9:21  Marine  
  132  9:23  Sensor Tower  
  133  9:24  Missile Turret  
  133  9:25  SCV x2  
  133  9:26  Refinery x2, Marauder  
  133  9:27  SCV  
  133  9:31  Marine x2  
  138  9:35  Siege Tank, Marauder  
  145  9:39  Marine x2  
  145  9:40  Marauder  
  145  9:44  Supply Depot x2  
  149  9:47  Marine  
  150  9:56  Marauder  
  150  9:58  Marine x4  
  132  10:01  Marauder  
  132  10:05  Marine  
  132  10:07  Medivac x2  
  132  10:08  Siege Tank  
  137  10:15  Marine  
  137  10:17  Marine x3  
  137  10:18  Armory, Marauder  
  137  10:19  Engineering Bay  
  143  10:22  Marauder  
  143  10:23  Marine  
  146  10:33  Marine  
  146  10:34  Concussive Shells  
  146  10:35  Marine  
  138  10:36  Liberator  
  138  10:40  Marine x2, Command Center  
  138  10:41  Marauder  
  145  10:51  Liberator  
  145  10:52  Siege Tank  
  145  10:53  Marine x2  
  145  10:54  Marauder  
  155  10:58  Supply Depot  
  140  11:11  Marine x3  
  140  11:12  Marauder x2  
  140  11:15  Marine  
  140  11:16  Marauder  
  144  11:23  SCV x3  
  144  11:24  Siege Tank  
  148  11:29  Marine x2  
  139  11:33  Marine x2  
  139  11:34  Marauder  
  139  11:35  SCV  
  139  11:36  Marauder  
  139  11:37  Marine  
  129  11:47  Marine x2  
  119  11:51  Marine x2  
  123  11:54  Marine  
  123  11:55  Marauder  
  126  12:03  Marauder  
  126  12:04  Marine  
  126  12:05  Marine  
  126  12:07  Missile Turret  
  126  12:08  Sensor Tower  
  130  12:09  Marine  
  130  12:13  Marine, Marauder  
  134  12:16  Marauder  
  134  12:20  Siege Tank  
  134  12:22  Marine x2  
  139  12:24  Marauder  
  139  12:26  Marine  
  136  12:31  Marine  
  136  12:34  Marauder  
  103  12:37  Marine  
  103  12:40  Marine x2  
  103  12:41  SCV  
  103  12:42  SCV x2  
  87  12:44  Marine  

Tags
 
Add a new tag
Caveats
  • Supply blocks, unpowered buildings, or Contaminate may cause inaccurate times.
  • Supply counts are checked every 10 seconds.